 Dungeon Crawl Stone Soup version 0.30.1 (webtiles) character file.

Game seed: 9339595659811396094

159 exhongo the Sneak (level 5, 0/49 HPs)
             Began as a Human Wanderer on July 12, 2023.
             Slain by a gnoll
             ... wielding a +0 spear
              (7 damage)
             ... on level 4 of the Dungeon.
             The game lasted 00:53:44 (3022 turns).

exhongo the Sneak (Human Wanderer)                  Turns: 3022, Time: 00:53:45

Health: 0/49       AC:  3    Str: 10      XL:     5   Next: 68%
Magic:  9/9        EV: 11    Int: 14 (15) God:
Gold:   143        SH:  0    Dex: 16      Spells: 4/9 levels left

rFire   x . .        a - +4 dagger
rCold   + . .        h - orb {*Rage}
rNeg    . . .        d - +0 robe
rPois   .            (no helmet)
rElec   .            (no cloak)
rCorr   .            (no gloves)
SInv    .            i - +0 pair of boots
Will    .....        (no amulet) Stlth
                     f - ring of ice
HPRegen 0.28/turn    (no ring)
MPRegen 0.11/turn

%: random rage (20%)
@: berserking (expiring), very quick
A: claws 1, clever 1, deterioration 1, frail 1, wild magic 1
a: no special abilities


You were on level 4 of the Dungeon.
You visited 1 branch of the dungeon, and saw 4 of its levels.

You collected 143 gold pieces.

Inventory:

Hand Weapons
 a - a +4 dagger (weapon)
 k - a +1 dagger of speed
 l - a +0 vampiric dagger
 m - a +2 dagger of flaming
Armour
 d - a +0 robe (worn)
 h - an orb of wrath (worn)
 i - a +0 pair of boots (worn)
 p - a +3 plate armour
Jewellery
 f - a ring of ice (left claw)
 q - a ring of ice
Scrolls
 b - a scroll of fear
 o - a scroll of blinking
Potions
 c - a potion of attraction
 e - 3 potions of heal wounds (quivered)
 g - a potion of brilliance
 j - a potion of berserk rage
 n - a potion of curing


   Skills:
 + Level 1.3 Fighting
 + Level 1.9 Short Blades
 + Level 0.2 Dodging
 + Level 6.2 Stealth
 + Level 2.7 Spellcasting
 + Level 2.7 Translocations


You had 4 spell levels left.
You knew the following spells:

 Your Spells              Type           Power      Damage    Failure   Level
a - Apportation           Tloc           24%        N/A       11%         1
b - Blink                 Tloc           24%        N/A       16%         2
c - Lesser Beckoning      Tloc           24%        N/A       16%         2

Your spell library contained the following spells:

 Spells                   Type           Power      Damage    Failure   Level
 Momentum Strike          Conj/Tloc      14%        3d8       26%         2
 Vhi's Electric Charge    Tloc/Air       14%        N/A       45%         3
 Manifold Assault         Tloc           12%        N/A       65%         4
 Storm Form               Tmut/Air       1%         N/A       100%        7


Dungeon Overview and Level Annotations

Branches:
Dungeon (4/15)
 Temple: D:4-7

Altars:


Innate Abilities, Weirdness & Mutations

You have sharp fingernails.
Your mind is acute. (Int +4, Str/Dex -1)
Your body sometimes deteriorates upon taking damage.
You are frail. (-10% HP)
Your spells are a little harder to cast, but a little more powerful.


Message History

A gnoll comes into view. It is wielding a +0 spear.
Press: ? - help, v - describe, . - travel, g - get item
Here: a gnoll, wielding a +0 flail
Items here: a +0 spear; a gnoll corpse.
The floor.
An orc comes into view. It is wielding a +0 club.
You hit the gnoll.
The gnoll is moderately wounded.
The gnoll barely misses you.
You hit the gnoll.
The gnoll is heavily wounded.
A red film seems to cover your vision as you go berserk!
You feel yourself moving faster!
You feel mighty!
You puncture the gnoll!
The gnoll is severely wounded.
The gnoll hits you from afar with a +0 spear.
You hit the gnoll but do no damage.
The gnoll is severely wounded.
The gnoll closely misses you. x2
You hit the gnoll.
You kill the gnoll!
You feel your intelligence returning. The gnoll hits you with a +0 spear.
The gnoll hits you with a +0 flail!
Things that are here:
a +0 club; a gnoll corpse You closely miss the gnoll.
The gnoll is heavily wounded.
The gnoll barely misses you. The gnoll hits you with a +0 flail!
You barely miss the gnoll.
The gnoll is heavily wounded.
You hit the gnoll.
The gnoll is severely wounded.
The gnoll hits you with a +0 spear. The gnoll misses you.
You closely miss the gnoll.
The gnoll is severely wounded.
You closely miss the gnoll.
The gnoll is severely wounded.
The gnoll hits you with a +0 flail. The gnoll hits you with a +0 spear!
* * * LOW HITPOINT WARNING * * *
The gnoll hits you from afar with a +0 spear!
You die...

o## ≈#. .. ≈#
#g###~# # .###.....
.# .....g#)# .#
#...##.# ##.....#
#.###########g.#####
...........@)g.>...#
.###...#######.##.#
#...# .# #...# .#
#...# ..
#...#########
###..^......#
#..#####.........#
#................#


You could see 2 gnolls.

Vanquished Creatures
  Natasha (twice) (D:3)
  3 adders
  2 gnolls (D:4)
  A worm (D:2)
  7 orcs (D:3)
  3 ball pythons
  6 endoplasms
  A giant cockroach (D:1)
  6 goblins
  4 hobgoblins
  2 quokkas
  2 bats (D:1)
  3 frilled lizards
  4 kobolds
  8 rats
54 creatures vanquished.

Vanquished Creatures (collateral kills)
  A goblin (D:3)
1 creature vanquished.

Grand Total: 55 creatures vanquished

Notes
Turn   | Place    | Note
-------+----------+-------------------------------------------
     0 | D:1      | exhongo the Human Wanderer began the quest for the Orb.
     0 | D:1      | exhongo set off with the following items: a +2 dagger, 2
                  | scrolls of fear, a potion of attraction, a +0 robe; and the
                  | following spell memorised: Apportation; and the following
                  | spells available to memorise: Vhi's Electric Charge.
     0 | D:1      | Reached XP level 1. HP: 15/15 MP: 3/3
   235 | D:1      | Reached XP level 2. HP: 21/21 MP: 5/5
   758 | D:2      | Reached XP level 3. HP: 26/26 MP: 6/6
   808 | D:2      | Learned a level 2 spell: Blink
  1074 | D:2      | Learned a level 2 spell: Lesser Beckoning
  1240 | D:2      | Reached XP level 4. HP: 26/32 MP: 7/7
  1928 | D:2      | Gained mutation: Your mind is acute. (Int +4, Str/Dex -1)
                  | [potion of mutation]
  1928 | D:2      | Gained mutation: Potions are less effective at restoring
                  | your health. [potion of mutation]
  1928 | D:2      | Gained mutation: You possess an exceptional clarity of
                  | mind. [potion of mutation]
  1929 | D:2      | Lost mutation: Your mind is acute. (Int +4, Str/Dex -1)
                  | [potion of mutation]
  1929 | D:2      | Lost mutation: You possess an exceptional clarity of mind.
                  | [potion of mutation]
  1929 | D:2      | Lost mutation: Potions are less effective at restoring your
                  | health. [potion of mutation]
  1929 | D:2      | Gained mutation: You are frail. (-10% HP) [potion of
                  | mutation]
  1929 | D:2      | Gained mutation: You occasionally lose the ability to read
                  | scrolls when taking damage. [potion of mutation]
  1929 | D:2      | Gained mutation: Your muscles are strong. (Str +4, Int/Dex
                  | -1) [potion of mutation]
  1930 | D:2      | Lost mutation: Your muscles are strong. (Str +4, Int/Dex
                  | -1) [potion of mutation]
  1930 | D:2      | Lost mutation: You occasionally lose the ability to read
                  | scrolls when taking damage. [potion of mutation]
  1930 | D:2      | Gained mutation: You have sharp fingernails. [potion of
                  | mutation]
  1930 | D:2      | Gained mutation: Your spells are a little harder to cast,
                  | but a little more powerful. [potion of mutation]
  1930 | D:2      | Gained mutation: Your body sometimes deteriorates upon
                  | taking damage. [potion of mutation]
  1930 | D:2      | Gained mutation: Your mind is acute. (Int +4, Str/Dex -1)
                  | [potion of mutation]
  1951 | D:3      | Reached skill level 1 in Short Blades
  2015 | D:3      | Noticed Natasha
  2019 | D:3      | Killed Natasha
  2072 | D:3      | Found a faded altar of an unknown god.
  2492 | D:3      | Noticed Natasha
  2550 | D:3      | Killed Natasha
  2551 | D:3      | Reached skill level 6 in Stealth
  2551 | D:3      | Reached XP level 5. HP: 22/33 MP: 8/8
  2985 | D:4      | Noticed a black bear
  3022 | D:4      | Slain by a gnoll

Illustrated notes

Levels and vault maps discovered:
D:1:      mrwooster_arrival_arrow, layout_rooms, hangedman_abyss_or_decor_stabs
D:2:      layout_loops_ring
D:3:      layout_basic, shapermc_ecumenical_altar_acropolis, skrybe_limestone_x,
          uniq_natasha
D:4:      layout_basic, minmay_temple_entry_large_hall, minmay_misc_feat_tower,
          grunt_decor_cap

Skill      XL: |  1  2  3  4 |
---------------+-------------+-----
Short Blades   | 1 |  1.9
Stealth        | 6 |  6.2
Fighting       | |  1.3
Dodging        | |  0.2
Spellcasting   | |  2.7
Translocations | |  2.7

Action                     |  1- 3 |  4- 6 || total
---------------------------+-------+-------++-------
  Melee: Dagger            |    73 |    58 ||   131
   Cast: Apportation       |    14 |     4 ||    18
         Lesser Beckoning  |     1 |     2 ||     3
         Blink             |     1 |     1 ||     2
    Use: Potion            |     4 |     4 ||     8
         Scroll            |     4 |     9 ||    13
   Stab: Sleeping          |     9 |    11 ||    20
         Distracted        |     1 |       ||     1
 Armour: Robe              |     8 |     3 ||    11
         Skin              |     1 |       ||     1
  Dodge: Dodged            |    40 |    15 ||    55
